 Seeded DCSS version 0.32-a0-975-g85d4e5bfdb (webtiles) character file.

Game seed: 202404182 (custom seed)

240 Orlauf the Chopper (level 5, 0/42 HPs)
             Began as a Demonspawn Gladiator on Apr 18, 2024.
             Slain by a cacodemon (10 damage)
             ... on level 1 of the Abyss.
             The game lasted 00:05:37 (3263 turns).

Orlauf the Chopper (Demonspawn Gladiator)           Turns: 3263, Time: 00:05:37

Health: 0/42       AC:  9    Str: 16    XL:     5   Next: 79%
Magic:  5/5        EV: 10    Int:  9    God:
Gold:   162        SH:  0    Dex: 14    Spells: 4/4 levels left

rFire   . . .        a - +0 war axe
rCold   . . .        (no shield)
rNeg    . . .        j - +1 chain mail
rPois   .            (helmet restricted)
rElec   .            (no cloak)
rCorr   .            (no gloves)
SInv    .            (no boots)
Will    .....        (no amulet) Stlth
                     (no ring)
HPRegen 0.27/turn    (no ring)
MPRegen 0.09/turn

%: no passive effects
@: weak-willed
A: antennae 1, repulsion field 2
a: no special abilities


You were on level 1 of the Abyss.
You visited 1 branch of the dungeon, and saw 3 of its levels.
You visited the Abyss 1 time.

You collected 162 gold pieces.

Inventory:

Hand Weapons
 a - a +0 war axe (weapon)
 b - a +0 lajatang of distortion
 n - a +0 mace
Missiles
 d - 3 throwing nets (quivered)
 e - a javelin
Armour
 j - a +1 chain mail (worn)
Jewellery
 k - a ring of wizardry
Scrolls
 f - 2 scrolls of identify
 l - a scroll of teleportation {unknown}
 m - a scroll of fog {unknown}
Potions
 c - a potion of haste {unknown}
 g - a potion of brilliance
 h - a potion of invisibility {unknown}
 i - a potion of cancellation {unknown}


   Skills:
 + Level 3.8 Fighting
 * Level 5.1 Axes
 - Level 1.7 Throwing
 - Level 2.6 Dodging


You had 4 spell levels left.
You didn't know any spells.
Your spell library was empty.

Dungeon Overview and Level Annotations

Branches:
Dungeon (3/15)

Altars:
Fedhas
Xom

Shops:
D:2 *


Innate Abilities, Weirdness & Mutations

You have a pair of small antennae on your head.
You are surrounded by a moderate repulsion field. (EV +3)


Message History

No target in view!
No target in view!
No target in view!
No target in view!
No target in view!
No target in view!
No target in view!
No target in view!
No target in view!
No target in view!
You see here a +0 lajatang of distortion.
m - a scroll labelled WIHEYV XAOR You see here a +0 lajatang of distortion.
n - a +0 lajatang of distortion Adjust (i)tems, (s)pells, or (a)bilities?
n - a +0 lajatang of distortion Adjust to which letter? (? for menu, Esc to quit)
b - a +0 lajatang of distortion;
n - a +0 mace Space warps around you for a moment!
b - a +0 lajatang of distortion (weapon)
a - a +0 war axe (weapon)
You are cast into the Abyss!
This branch contains the abyssal rune of Zot.
Found a gateway leading deeper into the Abyss.
There is a gateway leading deeper into the Abyss here.
A cacodemon comes into view.
The cacodemon shouts!
The cacodemon gestures at you. The bolt of devastation hits you!!
Your willpower is stripped away!
Ouch! That really hurt!
You are too injured to fight recklessly!
You are too injured to fight recklessly!
The cacodemon hits you.
* * * LOW HITPOINT WARNING * * *
The cacodemon hits you.
* * * LOW HITPOINT WARNING * * *
You barely miss the cacodemon.
The cacodemon hits you but does no damage.
The cacodemon hits you!
You die...

#......###.#...
#...#.##.....#..#
.. ...# ##.#..#..
. #. .. #....#.###
#.......#..#..#..#
#...###..#.#...# .
...........##...#
........#.#..##.#
##....##@....#
..#.##.2##.#.#
.### ##. ## .# #.
# #. #. .. ##


You could see a cacodemon.

Vanquished Creatures
  An orc priest (D:2)
  2 orc wizards (D:3)
  6 adders
  2 dart slugs (D:3)
  3 ribbon worms
  6 orcs
  9 ball pythons
  14 endoplasms
  A giant cockroach (D:1)
  10 hobgoblins
  3 jackals (D:3)
  4 quokkas
  6 bats
  7 frilled lizards
  5 goblins
  5 kobolds
  4 rats
88 creatures vanquished.

Notes
Turn   | Place    | Note
-------+----------+-------------------------------------------
     0 | D:1      | Orlauf the Demonspawn Gladiator began the quest for the
                  | Orb.
     0 | D:1      | Reached XP level 1. HP: 16/16 MP: 1/1
   101 | D:1      | Reached skill level 3 in Axes
   126 | D:1      | Gained mutation: You are surrounded by a mild repulsion
                  | field. (EV +2) [demonic ancestry]
   126 | D:1      | Reached XP level 2. HP: 22/22 MP: 2/2
   667 | D:1      | Reached XP level 3. HP: 26/28 MP: 3/3
  1178 | D:2      | Reached skill level 4 in Axes
  1178 | D:2      | Gained mutation: You have a pair of small antennae on your
                  | head. [demonic ancestry]
  1178 | D:2      | Reached XP level 4. HP: 10/35 MP: 4/4
  1479 | D:2      | Found Woppafudd's General Store.
  1689 | D:2      | Found a shimmering altar of Xom.
  2167 | D:3      | Gained mutation: You are surrounded by a moderate repulsion
                  | field. (EV +3) [demonic ancestry]
  2167 | D:3      | Reached XP level 5. HP: 39/41 MP: 5/5
  2412 | D:3      | Reached skill level 5 in Axes
  2485 | D:3      | Found a faded altar of an unknown god.
  2551 | D:3      | Found a shimmering altar of Xom.
  2767 | D:3      | Found a blossoming altar of Fedhas.
  3230 | Abyss:1  | Cast into level 1 of the Abyss (unwielding a weapon of
                  | distortion)
  3260 | Abyss:1  | Noticed a cacodemon
  3263 | Abyss:1  | Slain by a cacodemon

Illustrated notes

Levels and vault maps discovered:
D:1:      dpeg_arrival_boxorama, layout_basic, hangedman_decor_growths
D:2:      cheibrodos_pilgrimage, layout_basic, serial_shops,
          nicolae_shop_tiny_glass, basic_altar
D:3:      minmay_octagon_keep, layout_loops_ring, lemuel_crystal_altar,
          mainiacjoe_overflow_boulevard, serial_rivers,
          chequers_serial_rivers_room_a, chequers_serial_rivers_room_a,
          chequers_serial_rivers_micro_a, chequers_serial_rivers_large_b,
          chequers_serial_rivers_micro_d, chequers_serial_rivers_micro_a,
          shapermc_ecumenical_altar_mp_urbaneastern
Abyss:1:  base: Temple, evilmike_abyss_exit_13

Skill      XL: |  1  2  3  4  5 |
---------------+----------------+-----
Axes           | 3 4 5 |  5.1
Fighting       | 3 |  3.8
Throwing       | |  1.7
Dodging        | |  2.6

Action                     |  1- 3 |  4- 6 || total
---------------------------+-------+-------++-------
  Melee: War axe           |    89 |   159 ||   248
    Use: Scroll            |     2 |     1 ||     3
         Potion            |     2 |       ||     2
   Stab: Sleeping          |     1 |       ||     1
 Armour: Leather armour    |    15 |       ||    15
         Chain mail        |    51 |   138 ||   189
  Dodge: Dodged            |    62 |    99 ||   161

Table legend: (Time is in decaauts)
 A = Elapsed time spent in this place.
 B = Non-inter-level travel time spent in this place.
 C = Inter-level travel time spent in this place.
 D = Time resting spent in this place.
 E = Time spent auto-exploring this place.
 F = Levels seen in this place.
 G = Mean time per level.
                   A        B        C        D        E       F      G
               +--------+--------+--------+--------+--------+-----+--------+
         Total |   3361 |   3322 |     39 |     16 |   2614 |   4 |  840.2 |
       Dungeon |   3328 |   3289 |     39 |     16 |   2614 |   3 | 1109.3 |
         Abyss |     32 |     32 |      0 |      0 |      0 |   1 |   32.0 |
               +--------+--------+--------+--------+--------+-----+--------+

Top non-repeatable levels by time:
     D:3: 1179 daAuts
     D:2: 1095 daAuts
     D:1: 1053 daAuts
 Abyss:1: 32 daAuts
